 Dungeon Crawl Stone Soup version 0.29-a0-409-gd843f3a48c (webtiles) character file.

Game seed: 16717775952729019190

406 croobank the Covert (level 6, -2/52 (53) HPs)
             Began as a Gnoll Delver on May 14, 2022.
             Slain by an iguana (8 damage)
             ... on level 5 of the Dungeon.
             The game lasted 00:14:33 (3913 turns).

croobank the Covert (Gnoll Delver)                  Turns: 3913, Time: 00:14:34

HP:   -2/52 (53)    AC:  3    Str: 11    XL:     6   Next: 87%
MP:   9/9           EV: 13    Int: 12    God:
Gold: 199           SH:  0    Dex: 13    Spells: 9/9 levels left

rFire   . . .      SeeInvis .   x - +1 short sword (drain)
rCold   . . .      Faith    .   (no shield)
rNeg    . . .      Spirit   .   b - +0 leather armour
rPois   .          Reflect  .   (no helmet)
rElec   +          Harm     .   (no cloak)
rCorr   .          Rampage  .   (no gloves)
Will    .....                   (no boots)
Stlth   ++++......              (no amulet)
HPRegen 0.17/turn               (no ring)
MPRegen 0.11/turn               (no ring)

@: lightly drained
A: fangs 1, strong nose, distributed training, electricity resistance, noise
suppression
a: no special abilities


You were on level 5 of the Dungeon.
You visited 1 branch of the dungeon, and saw 7 of its levels.

You collected 199 gold pieces.

Inventory:

Hand Weapons
 a - a +0 hand axe
 e - a +0 morningstar
 u - a +0 dagger
 x - a +1 short sword of draining (weapon)
 z - a +0 flail
Missiles
 m - 101 stones
 r - 4 curare-tipped darts (quivered)
 B - 2 boomerangs
Armour
 b - a +0 leather armour (worn)
Wands
 g - a wand of digging (2)
Scrolls
 d - 2 scrolls of amnesia {unknown}
 f - 2 scrolls of poison {unknown}
 p - a scroll of acquirement {unknown}
 q - 2 scrolls of identify {unknown}
 t - a scroll of magic mapping
 y - a scroll of blinking {unknown}
Potions
 i - 2 potions of mutation
 k - a potion of cancellation {unknown}
 l - 2 potions of degeneration {unknown}
 o - a potion of brilliance {unknown}
 s - a potion of invisibility {unknown}
 v - a potion of lignification {unknown}
 w - 4 potions of curing {unknown}
 C - a potion of attraction {unknown}


   Skills:
 + Level 6.9 Fighting
 + Level 2.1 Short Blades
 + Level 2.1 Long Blades
 + Level 5.0 Axes
 + Level 2.1 Maces & Flails
 + Level 2.1 Polearms
 + Level 2.1 Staves
 + Level 2.1 Slings
 + Level 2.1 Bows
 + Level 2.1 Crossbows
 + Level 2.1 Throwing
 + Level 2.1 Armour
 + Level 5.0 Dodging
 + Level 9.8 Stealth
 + Level 2.1 Shields
 + Level 2.1 Unarmed Combat
 + Level 2.1 Spellcasting
 + Level 1.7 Conjurations
 + Level 1.7 Hexes
 + Level 1.7 Summonings
 + Level 1.7 Necromancy
 + Level 1.7 Translocations
 + Level 1.7 Transmutations
 + Level 1.7 Fire Magic
 + Level 1.7 Ice Magic
 + Level 1.7 Air Magic
 + Level 1.7 Earth Magic
 + Level 1.7 Poison Magic
 + Level 2.3 Invocations
 + Level 2.1 Evocations


You had 9 spell levels left.
You didn't know any spells.
Your spell library was empty.

Dungeon Overview and Level Annotations

Branches:
Dungeon (7/15)
 Temple: D:4-7

Altars:
Zin

Shops:
D:7 (

Annotations:
D:5 Menkaure
D:7 Duvessa


Innate Abilities, Weirdness & Mutations

You have very sharp teeth.
Your uncanny sense of smell can sniff out nearby items.
Your experience applies equally to all skills.
You are resistant to electric shocks. (rElec)
You passively dampen the noise of your surroundings.


Message History

There is a stone staircase leading up here.
The kobold shouts! x2; You hear a shout!
The kobold throws a stone.
The stone closely misses you.
You hear a shout!
You climb upwards.
Reactivating autopickup.
Found a falchion.
There is a stone staircase leading down here.
Found a +0 dagger.
The iguana hisses angrily.
An orc comes into view. It is wielding a +0 whip.
An orc comes into view. It is wielding a +0 war axe.
An orc comes into view. It is wielding a +0 hand axe.
The orc shouts!
The iguana barely misses you.
An orc comes into view. It is wielding a +0 hand axe.
The iguana attacks as you move away! The iguana misses you.
The orc moves out of view.
The iguana attacks as you move away! The iguana bites you!
Found 29 gold pieces.
The iguana attacks as you move away! The iguana bites you.
The iguana attacks as you move away! The iguana barely misses you.
There is a stone staircase leading up here.
The iguana bites you.
You climb upwards.
Menkaure shouts!
Menkaure calls on the powers of darkness!
The iguana convulses!
Your body is wracked with pain!
There is a stone staircase leading down here.
It was a potion of mutation.
You feel extremely strange.
You feel insulated.
You feel your surroundings grow quieter.
The iguana bites you.
* * * LOW HITPOINT WARNING * * *
Menkaure calls on the powers of darkness!
The iguana convulses!
Your body is wracked with pain!
* * * LOW HITPOINT WARNING * * *
As you read the scroll of fog, it crumbles to dust.
The scroll dissolves into smoke.
The iguana bites you!
You die...

.... ....
... .#.. ...
..... #..
.....
#.#..#...
#.#......
#.##l§..M...
#.§§@§......
##§§§#.....#
#.§§§§ .....
#.....# ..#.
#.....+ .#
#.....# ..
##+#### .


You could see Menkaure and an iguana.

Vanquished Creatures
  2 ogres
  A hound (D:7)
  2 iguanas (D:6)
  3 gnolls (D:2)
  3 adders
  A white imp (D:6)
  2 worms
  5 dart slugs
  5 orcs (D:3)
  3 ball pythons
  11 endoplasms
  A giant cockroach (D:1)
  5 goblins
  9 hobgoblins
  5 jackals
  7 kobolds
  3 quokkas
  5 bats
  A frilled lizard (D:1)
  2 rats
76 creatures vanquished.

Notes
Turn   | Place    | Note
-------+----------+-------------------------------------------
     0 | D:5      | Reached skill level 9 in Stealth
     0 | D:5      | croobank the Gnoll Delver began the quest for the Orb.
     0 | D:5      | Reached XP level 1. HP: 23/23 MP: 1/1
   403 | D:1      | Reached XP level 2. HP: 29/29 MP: 2/2
   707 | D:1      | Reached XP level 3. HP: 31/35 MP: 3/3
   887 | D:1      | Found a faded altar of an unknown god.
  1002 | D:1      | Reached skill level 1 in Invocations
  1340 | D:2      | Reached skill level 1 in Short Blades
  1340 | D:2      | Reached skill level 1 in Long Blades
  1340 | D:2      | Reached skill level 1 in Maces & Flails
  1340 | D:2      | Reached skill level 1 in Polearms
  1340 | D:2      | Reached skill level 1 in Staves
  1340 | D:2      | Reached skill level 1 in Slings
  1340 | D:2      | Reached skill level 1 in Bows
  1340 | D:2      | Reached skill level 1 in Crossbows
  1340 | D:2      | Reached skill level 1 in Throwing
  1340 | D:2      | Reached skill level 1 in Armour
  1340 | D:2      | Reached skill level 1 in Shields
  1340 | D:2      | Reached skill level 1 in Unarmed Combat
  1340 | D:2      | Reached skill level 1 in Spellcasting
  1340 | D:2      | Reached skill level 1 in Evocations
  1714 | D:2      | Reached XP level 4. HP: 30/41 MP: 5/5
  2138 | D:1      | Reached skill level 1 in Conjurations
  2138 | D:1      | Reached skill level 1 in Hexes
  2138 | D:1      | Reached skill level 1 in Summonings
  2138 | D:1      | Reached skill level 1 in Necromancy
  2138 | D:1      | Reached skill level 1 in Translocations
  2138 | D:1      | Reached skill level 1 in Transmutations
  2138 | D:1      | Reached skill level 1 in Fire Magic
  2138 | D:1      | Reached skill level 1 in Ice Magic
  2138 | D:1      | Reached skill level 1 in Air Magic
  2138 | D:1      | Reached skill level 1 in Earth Magic
  2138 | D:1      | Reached skill level 1 in Poison Magic
  2705 | D:3      | Reached XP level 5. HP: 46/47 MP: 5/7
  2876 | D:3      | Noticed an ogre
  2888 | D:3      | Killed an ogre
  3102 | D:3      | Reached XP level 6. HP: 53/53 MP: 8/8
  3137 | D:3      | You fall into a shaft and drop 3 floors!
  3154 | D:6      | Found a glowing silver altar of Zin.
  3281 | D:6      | Reached skill level 5 in Axes
  3281 | D:6      | Reached skill level 5 in Dodging
  3342 | D:7      | Noticed Duvessa
  3579 | D:7      | Noticed an orc warrior
  3872 | D:7      | Found Okumarot's Weapon Shop.
  3911 | D:5      | Noticed Menkaure
  3912 | D:5      | Gained mutation: You are resistant to electric shocks.
                  | (rElec) [potion of mutation]
  3912 | D:5      | Gained mutation: You passively dampen the noise of your
                  | surroundings. [potion of mutation]
  3913 | D:5      | Slain by an iguana

Illustrated notes

Levels and vault maps discovered:
D:1:      erik_arrival_blinker_ship, layout_rooms,
          hellmonk_ecumenical_altar_pennies_from_heaven
D:2:      minmay_general_purpose_star, layout_basic
D:3:      layout_basic
D:4:      layout_layer_cave, nicolae_overflow_hidden_temple
D:5:      layout_basic, minmay_temple_entry_arrows, serial_shops,
          kennysheep_mini_moat, gammafunk_ghost_nasty_kobolds,
          minmay_manual_mares, uniq_menkaure
D:6:      hangedman_cross_stitches, layout_loops_corners, zin_academy,
          grunt_decor_resistance, hex_tiny, chequers_serial_rivers_small_a,
          minmay_manual_mail
D:7:      layout_basic, serial_shops, shop, chequers_mini_garden,
          small_statue_intersection, minmay_bent, uniq_duvessa

Skill      XL: |  1  2  3  4  5  6 |
---------------+-------------------+-----
Stealth        | |  9.8
Invocations    | 1 2 |  2.3
Short Blades   | 1 2 |  2.1
Long Blades    | 1 2 |  2.1
Maces & Flails | 1 2 |  2.1
Polearms       | 1 2 |  2.1
Staves         | 1 2 |  2.1
Slings         | 1 2 |  2.1
Bows           | 1 2 |  2.1
Crossbows      | 1 2 |  2.1
Throwing       | 1 2 |  2.1
Armour         | 1 2 |  2.1
Shields        | 1 2 |  2.1
Unarmed Combat | 1 2 |  2.1
Spellcasting   | 1 2 |  2.1
Evocations     | 1 2 |  2.1
Conjurations   | 1 |  1.7
Hexes          | 1 |  1.7
Summonings     | 1 |  1.7
Necromancy     | 1 |  1.7
Translocations | 1 |  1.7
Transmutations | 1 |  1.7
Fire Magic     | 1 |  1.7
Ice Magic      | 1 |  1.7
Air Magic      | 1 |  1.7
Earth Magic    | 1 |  1.7
Poison Magic   | 1 |  1.7
Axes           | 5 |  5.0
Dodging        | 5 |  5.0
Fighting       | |  6.9

Action                   |  1- 3 |  4- 6 || total
-------------------------+-------+-------++-------
Melee: Hand axe          |   126 |       ||   126
       Bite              |    11 |    16 ||    27
       Short sword       |       |   111 ||   111
       Punch             |       |     3 ||     3
       Dagger            |       |     1 ||     1
Throw: Dart              |       |     1 ||     1
Evoke: Wand              |       |     5 ||     5
  Use: Scroll            |     2 |     5 ||     7
       Potion            |     2 |     6 ||     8
 Stab: Sleeping          |    15 |     6 ||    21
Armor: Leather armour    |    17 |    19 ||    36
Dodge: Dodged            |    88 |    75 ||   163

Table legend: (Time is in decaauts)
 A = Elapsed time spent in this place.
 B = Non-inter-level travel time spent in this place.
 C = Inter-level travel time spent in this place.
 D = Time resting spent in this place.
 E = Time spent auto-exploring this place.
 F = Levels seen in this place.
 G = Mean time per level.
                   A        B        C        D        E       F      G
               +--------+--------+--------+--------+--------+-----+--------+
         Total |   3909 |   3837 |     72 |    983 |   1686 |   7 |  558.4 |
       Dungeon |   3909 |   3837 |     72 |    983 |   1686 |   7 |  558.4 |
               +--------+--------+--------+--------+--------+-----+--------+

Top non-repeatable levels by time:
     D:2: 1410 daAuts
     D:1: 859 daAuts
     D:3: 733 daAuts
     D:7: 551 daAuts
     D:6: 222 daAuts
     D:5: 83 daAuts
     D:4: 48 daAuts
